 Dungeon Crawl Stone Soup version 0.19.0-2-gae57169 (webtiles) character file.

291 dvd the Stinger (level 6, -7/33 HPs)
             Began as an Octopode Venom Mage on Nov 4, 2016.
             Was an Initiate of Hepliaklqana.
             Mangled by an orc warrior
             ... wielding a +0 glaive
              (12 damage)
             ... on level 4 of the Dungeon.
             The game lasted 00:12:05 (3742 turns).

dvd the Stinger (Octopode Venom Mage)               Turns: 3742, Time: 00:12:05

Health: -7/33      AC:  1    Str:  7    XL:     6   Next: 32%
Magic:  1/10       EV: 17    Int: 20    God:    Hepliaklqana [......]
Gold:   96         SH:  0    Dex: 12    Spells: 3 memorised, 3 levels left

rFire  . . .     SeeInvis .     i - +0 short sword
rCold  . . .     Gourm    .     (no shield)
rNeg   . . .     Faith    .     (helmet restricted)
rPois  .         Spirit   .     (no amulet)
rElec  .         Reflect  .     f - ring of wizardry
rCorr  .         Harm     .     s - ring of stealth
MR     .....                    t - +4 ring of evasion
Stlth  ++++......               (no ring)
                                (no ring)
                                (no ring)
                                (no ring)
                                (no ring)

@: no status effects
A: almost no armour, stealthy swim, amphibious, 8 rings, constrict 8, reduced
essence, camouflage 1, gelatinous body 1
a: Recall Ancestor, Ancestor Identity, Renounce Religion


You were on level 4 of the Dungeon.
You worshipped Hepliaklqana.
Hepliaklqana was noncommittal.
You were not hungry.

You visited 2 branches of the dungeon, and saw 5 of its levels.

You collected 96 gold pieces.

Inventory:

Hand Weapons
 i - a +0 short sword (weapon)
Missiles
 j - 8 javelins of returning (quivered)
 m - 4 javelins
Jewellery
 f - a ring of wizardry (left tentacle)
 s - a ring of stealth (right tentacle)
 t - a +4 ring of evasion (on tentacle)
Scrolls
 g - 2 scrolls of teleportation {unknown}
 h - 5 scrolls of identify {unknown}
 o - a scroll of enchant weapon {unknown}
Potions
 c - 2 potions of heal wounds {unknown}
 d - 2 potions of curing {unknown}
 e - a potion of invisibility {unknown}
 k - a potion of lignification {unknown}
 r - a potion of degeneration {unknown}
Books
 a - a Young Poisoner's Handbook

   Spells                             Type                      Level
   a - Sting                          Conjuration/Poison           1
   b - Mephitic Cloud                 Conjuration/Poison/Air       3
   c - Olgreb's Toxic Radiance        Poison                       4
   d - Alistair's Intoxication        Transmutation/Poison         5
   e - Venom Bolt                     Conjuration/Poison           5
 q - a book of Misfortune

   Spells                             Type                      Level
   a - Confusing Touch                Hexes                        1
   b - Confuse                        Hexes                        3
   c - Gell's Gravitas                Hexes/Translocation          3
   d - Petrify                        Transmutation/Earth          4
   e - Metabolic Englaciation         Hexes/Ice                    5
   f - Yara's Violent Unravelling     Hexes/Transmutation          5
Comestibles
 b - 4 bread rations
 l - a meat ration
 n - a beef jerky


   Skills:
 + Level 0.8 Fighting
 + Level 1.3 Short Blades
 + Level 0.2 Throwing
 + Level 2.1 Dodging
 + Level 3.8 Stealth
 + Level 0.2 Unarmed Combat
 + Level 3.0 Spellcasting
 + Level 1.5 Conjurations
 * Level 1.5 Hexes
 + Level 6.7 Poison Magic


You had 3 spell levels left.
You knew the following spells:

 Your Spells              Type           Power        Failure   Level  Hunger
a - Sting                 Conj/Pois      ###.         1%          1    None
b - Olgreb's Toxic Radia  Pois           ####....     4%          4    ####...
c - Confuse               Hex            #.......     10%         3    ###....


Dungeon Overview and Level Annotations

Branches:
Dungeon (4/15)             Temple (1/1) D:4

Altars:
Ashenzari
Cheibriados
Dithmenos
Elyvilon
Fedhas
Gozag
Hepliaklqana
Kikubaaqudgha
Makhleb
Nemelex Xobeh
Okawaru
Qazlal
Ru
Sif Muna
Trog
Uskayaw
Vehumet
Xom
Yredelemnul
Zin
The Shining One


Innate Abilities, Weirdness & Mutations

You cannot wear most types of armour.
You are very stealthy in the water. (Stealth+)
You are amphibious.
You can wear up to eight rings at the same time.
You can use your tentacles to constrict eight enemies at once.
Your skin changes colour to match your surroundings (Stealth+).
Your rubbery body absorbs attacks. (AC +1, EV +1)
Your life essence is reduced. (-10% HP)


Message History

The orc warrior is heavily wounded.
The orc warrior hits you from afar with a glaive!
Unknown command.
Unknown command.
You aren't carrying any items that you can evoke.
Unknown command.
Unknown command.
Casting: Sting
Confirm with . or Enter, or press ? or * to list all spells.
Aiming: Sting
Press: ? - help, Shift-Dir - straight line, f/p - orc warrior
Aim: an orc warrior, wielding a glaive and wearing a chain mail (heavily wounded, poisoned)
The sting hits the orc warrior.
The orc warrior appears unharmed.
The orc warrior is heavily wounded.
The orc warrior hits you from afar with a glaive!
* * * LOW HITPOINT WARNING * * *
Unknown command.
The orc warrior barely misses you.
The orc warrior hits you from afar with a glaive!
You die...

########
##......##
##.....[..##
#..........# #
#@.........# #
#..........# #
#..o.>.....# #
#..........### #
##...........#####
#..........#.....#
#...........####..
#..<.........###..
#................#


You could see an orc warrior.

Vanquished Creatures
  An orc priest (D:4)
  An orc wizard (D:4)
  Jessica (D:2)
  Ijyb (D:3)
  Terence (D:2)
  A worker ant (D:4)
  An adder (D:3)
  An ooze (D:2)
  2 worms (D:2)
  2 dart slugs
  5 orcs (D:3)
  2 ball pythons (D:3)
  11 bats
  2 giant cockroaches (D:3)
  14 goblins
  5 hobgoblins
  2 jackals (D:4)
  9 kobolds
  5 frilled lizards
  9 rats
76 creatures vanquished.

Vanquished Creatures (collateral kills)
  An orc wizard (D:4)
1 creature vanquished.

Vanquished Creatures (others)
  An ancestor (D:4)
1 creature vanquished.

Grand Total: 78 creatures vanquished

Notes
Turn   | Place    | Note
-------+----------+-------------------------------------------
     0 | D:1      | dvd the Octopode Venom Mage began the quest for the Orb.
     0 | D:1      | Reached XP level 1. HP: 11/11 MP: 3/3
    35 | D:1      | Reached skill level 5 in Poison Magic
    86 | D:1      | Reached XP level 2. HP: 17/17 MP: 1/5
   573 | D:1      | Reached XP level 3. HP: 21/21 MP: 4/6
   784 | D:2      | Found a bloodstained altar of Trog.
   819 | D:2      | Noticed Terence
   946 | D:2      | Noticed Jessica
   952 | D:2      | Killed Jessica
   986 | D:2      | Reached XP level 4. HP: 27/27 MP: 0/7
   992 | D:2      | Learned a level 4 spell: Olgreb's Toxic Radiance
  1242 | D:2      | Reached skill level 1 in Short Blades
  1388 | D:2      | Killed Terence
  1388 | D:2      | Reached skill level 1 in Conjurations
  2091 | D:2      | Reached skill level 6 in Poison Magic
  2091 | D:2      | Reached XP level 5. HP: 32/32 MP: 0/8
  2169 | D:3      | Noticed Ijyb
  2174 | D:3      | Killed Ijyb
  2594 | D:3      | Learned a level 3 spell: Confuse
  3191 | D:4      | Found a staircase to the Ecumenical Temple.
  3206 | Temple   | Entered the Ecumenical Temple
  3372 | Temple   | Became a worshipper of Hepliaklqana the Forgotten
  3630 | D:4      | Noticed an orc warrior
  3636 | D:4      | Reached skill level 1 in Hexes
  3636 | D:4      | Reached XP level 6. HP: 33/33 MP: 1/10
  3742 | D:4      | Mangled by an orc warrior

Skill      XL: |  1  2  3  4  5  6 |
---------------+-------------------+-----
Poison Magic   | 5 6 |  6.7
Stealth        | 3 |  3.8
Short Blades   | 1 |  1.3
Conjurations   | 1 |  1.5
Hexes          | 1 |  1.5
Spellcasting   | 3 |  3.0
Fighting       | |  0.8
Throwing       | |  0.2
Dodging        | |  2.1
Unarmed Combat | |  0.2

Action                   |  1- 3 |  4- 6 || total
-------------------------+-------+-------++-------
Melee: Unarmed           |     6 |       ||     6
       Short sword       |    16 |    31 ||    47
       Constrict         |     8 |     9 ||    17
       Tentacles         |     4 |     5 ||     9
Throw: Javelin           |       |     1 ||     1
 Cast: Sting             |    38 |    42 ||    80
       Olgreb's Toxic Ra |       |    17 ||    17
Invok: Recall Ancestor   |       |     1 ||     1
 Stab: Sleeping          |     4 |     4 ||     8
  Eat: Chunk             |     1 |    10 ||    11
       Pizza             |       |     1 ||     1
Armor: Skin              |     4 |     8 ||    12
Dodge: Dodged            |    24 |    26 ||    50
